 Dungeon Crawl Stone Soup version 0.28-a0-1415-g7c84da036a (webtiles) character file.

Game seed: 10480766987885533365

50 eustatius the Shooter (level 3, 0/20 HPs)
             Began as a Deep Elf Wanderer on Jan 8, 2022.
             Succumbed to an adder's poison
             ... on level 2 of the Dungeon.
             The game lasted 00:05:33 (1218 turns).

eustatius the Shooter (Deep Elf Wanderer)           Turns: 1218, Time: 00:05:34

Health: 0/20       AC:  4    Str:  6    XL:     3   Next: 55%
Magic:  7/7        EV: 13    Int: 15    God:
Gold:   68         SH:  0    Dex: 20    Spells: 5/5 levels left

rFire   . . .      SeeInvis .   a - +2 shortbow
rCold   + . .      Faith    .   (shield currently unavailable)
rNeg    . . .      Spirit   .   d - +0 robe
rPois   .          Reflect  .   c - +0 helmet
rElec   .          Harm     .   (no cloak)
rCorr   .          Rampage  .   (no gloves)
Will    .....                   j - +0 pair of boots
Stlth   ++........              (no amulet)
HPRegen 0.06/turn               e - ring of protection from cold
MPRegen 0.10/turn               (no ring)

@: lethally poisoned (0 -> -3)
A: no striking features
a: no special abilities


You were on level 2 of the Dungeon.
You visited 1 branch of the dungeon, and saw 2 of its levels.

You collected 68 gold pieces.

Inventory:

Hand Weapons
 a - a +2 shortbow (weapon)
Missiles
 b - 8 arrows (quivered ammo)
 i - 4 datura-tipped darts
Armour
 c - a +0 helmet (worn)
 d - a +0 robe (worn)
 j - a +0 pair of boots (worn)
Jewellery
 e - a ring of protection from cold (left hand)
Scrolls
 f - 4 scrolls of identify {unknown}
 h - a scroll of holy word {unknown}
 k - a scroll of enchant armour {unknown}
 l - a scroll of enchant weapon {unknown}
Potions
 g - 2 potions of haste {unknown}


   Skills:
 - Level 1.0 Fighting
 + Level 5.1 Bows
 + Level 2.7 Dodging
 + Level 0.1 Stealth
 - Level 1.5 Spellcasting
 - Level 1.0 Air Magic
 * Level 2.0 Invocations
 * Level 1.8 Evocations


You had 5 spell levels left.
You didn't know any spells.
Your spell library contained the following spells:

 Spells                   Type           Power      Damage    Failure   Level
 Corpse Rot               Necr/Air       4%         N/A       28%         2
 Static Discharge         Conj/Air       2%         N/A       28%         2


Dungeon Overview and Level Annotations

Branches:
Dungeon (2/15)

Altars:


Message History

You shoot an arrow. The arrow completely misses the adder.
The arrow hits the worm!
The worm is heavily wounded.
You feel sick. The adder barely misses you.
You feel sick.
Fire: 12 arrows
Press: ? - help, Q - select action, (/) - cycle Shift-Dir - straight line, f/p - adder
Aim: an adder (51% to hit)
You shoot an arrow. The arrow misses the adder.
The arrow hits the worm!
The worm is almost dead.
You feel sick.
You are no longer poisoned.
The adder bites you. The adder closely misses you.
Fire: 11 arrows
Press: ? - help, Q - select action, (/) - cycle Shift-Dir - straight line, f/p - adder
Aim: an adder (51% to hit)
You shoot an arrow. The arrow closely misses the adder.
The arrow hits the worm!
You kill the worm!
The adder bites you.
You are lethally poisoned!
The adder poisons you!
Your Invocations skill increases to level 2!
* * * LOW HITPOINT WARNING * * *
You feel sick. The adder bites you.
* * * LOW HITPOINT WARNING * * *
Fire: 10 arrows
Press: ? - help, Q - select action, (/) - cycle Shift-Dir - straight line, f/p - adder
Aim: an adder (51% to hit)
You shoot an arrow. The arrow closely misses the adder.
* * * LOW HITPOINT WARNING * * *
You feel sick. The adder bites you.
* * * LOW HITPOINT WARNING * * *
* * * LOW HITPOINT WARNING * * *
You feel sick.
Fire: 9 arrows
Press: ? - help, Q - select action, (/) - cycle Shift-Dir - straight line, f/p - adder
Aim: an adder (51% to hit)
You shoot an arrow. The arrow misses the adder.
You die...

#.# ### #.# #######.# #.#
#.......# ..# #.......# ..####
#.......# ## .....# #.......####
#.
.###.#######....<.....##########.
>................................
................@..##.#.##.......
.....###########S..##.#..#.#####.
####.# #...##.##.#.# #. .....#
###...'.†##...# #. .#####
#..(..######..# ###. .# #...###
#..###.#. .##### #...# ##.......
.....# #..(# #.###.#. ####.#
+...'....[. #.###.#.


You could see an adder.

Vanquished Creatures
  An adder (D:2)
  A worm (D:2)
  2 dart slugs
  3 ball pythons
  6 bats
  5 endoplasms
  A giant cockroach (D:1)
  2 goblins (D:1)
  2 jackals (D:1)
  4 kobolds (D:1)
  3 rats
30 creatures vanquished.

Notes
Turn   | Place    | Note
-------+----------+-------------------------------------------
     0 | D:1      | eustatius the Deep Elf Wanderer began the quest for the
                  | Orb.
     0 | D:1      | eustatius set off with the following items: a +2 shortbow,
                  | 28 arrows, a +0 helmet, a +0 robe; and the following spells
                  | available to memorise: Corpse Rot, Static Discharge
     0 | D:1      | Reached XP level 1. HP: 12/12 MP: 5/5
    94 | D:1      | Reached XP level 2. HP: 16/16 MP: 6/6
   806 | D:2      | Found a faded altar of an unknown god.
   832 | D:2      | Reached XP level 3. HP: 17/20 MP: 7/7
   907 | D:2      | Reached skill level 5 in Bows
  1217 | D:2      | HP: 1/20 [poisoned by an adder]
  1218 | D:2      | Succumbed to an adder's poison

Illustrated notes

Levels and vault maps discovered:
D:1:      zaba_arrival_water, layout_basic, st_stairs_4, minmay_misc_feat_plants
D:2:      kennysheep_six_static_rooms, layout_basic,
          nicolae_ecumenical_pavilion, hangedman_decor_lopped,
          columned_hall_lemuel

Skill      XL: |  1  2  3 |
---------------+----------+-----
Bows           | 5 |  5.1
Invocations    | 2 |  2.0
Fighting       | |  1.0
Dodging        | |  2.7
Stealth        | |  0.1
Spellcasting   | |  1.5
Air Magic      | |  1.0
Evocations     | |  1.8

Action                   || total
-------------------------++-------
 Fire: Shortbow          ||    67
Armor: Robe              ||    10
Dodge: Dodged            ||    23

Table legend: (Time is in decaauts)
 A = Elapsed time spent in this place.
 B = Non-inter-level travel time spent in this place.
 C = Inter-level travel time spent in this place.
 D = Time resting spent in this place.
 E = Time spent auto-exploring this place.
 F = Levels seen in this place.
 G = Mean time per level.
                   A        B        C        D        E       F      G
               +--------+--------+--------+--------+--------+-----+--------+
         Total |   1228 |   1155 |     73 |      0 |    670 |   2 |  614.0 |
       Dungeon |   1228 |   1155 |     73 |      0 |    670 |   2 |  614.0 |
               +--------+--------+--------+--------+--------+-----+--------+

Top non-repeatable levels by time:
     D:1: 815 daAuts
     D:2: 413 daAuts
